 Dungeon Crawl Stone Soup version 0.26-a0-661-g406de6ba63 (webtiles) character file.

Game seed: 10420498351265641804

71130 grandjackal the Hand of Fortune (level 14, -23/119 HPs)
             Began as a Demonspawn Gladiator on Oct 9, 2020.
             Was the Champion of Nemelex Xobeh.
             Annihilated by a boulder beetle (44 damage)
             ... on level 14 of the Dungeon.
             The game lasted 00:45:56 (33574 turns).

grandjackal the Hand of Fortune (DsGl)             Turns: 33574, Time: 00:45:57

Health: -23/119    AC: 18    Str: 18    XL:     14   Next: 96%
Magic:  0/25       EV: 15    Int: 10    God:    Nemelex Xobeh [******]
Gold:   1686       SH:  0    Dex: 22    Spells: 13/13 levels left

rFire    + + .     SeeInvis +     - Unarmed
rCold    + + +     Faith    .   (no shield)
rNeg     + . .     Spirit   +   P - +1 scale mail {rPois}
rPois    +         Reflect  .   i - +1 helmet {Int+3}
rElec    .         Harm     .   R - +2 cloak of Soqiac {Rampage *Drain rN+ Stlth+}
rCorr    +         Rampage  +   (no gloves)
MR       .....                  Q - +0 pair of boots of Understanding {rF+ Dex+2}
Stlth    ++........             k - amulet of guardian spirit
HPRegen  0.29/turn              O - ring of Axeyz {rC++ rCorr Int-3 Dex+4 SInv}
MPRegen  0.19/turn              E - ring "Xifaff" {rF+ rC+}

@: mighty, vulnerable
A: claws 2, thin metallic scales 2, demonic guardian 1, powered by pain 3
a: Draw Escape, Draw Destruction, Draw Summoning, Triple Draw, Deal Four, Stack
Five, Renounce Religion


You were on level 14 of the Dungeon.
You worshipped Nemelex Xobeh.
Nemelex Xobeh was exalted by your worship.
You visited 4 branches of the dungeon, and saw 23 of its levels.
You also visited: Gauntlet.

You collected 2224 gold pieces.
You spent 538 gold pieces at shops.

Inventory:

Hand Weapons
 j - a +1 dagger of electrocution
Armour
 i - a +1 helmet of intelligence (worn)
 J - +0 acid dragon scales
 P - a +1 scale mail of poison resistance (worn)
 Q - the +0 pair of boots of Understanding (worn) {rF+ Dex+2}
   (You bought it in a shop on level 9 of the Dungeon)

   It affects your dexterity (+2).
   It protects you from fire.
 R - the +2 cloak of Soqiac (worn) {Rampage *Drain rN+ Stlth+}
   (You bought it in a shop on level 9 of the Dungeon)

   It protects you from negative energy.
   It causes draining when unequipped.
   It bestows one free step when moving towards enemies.
   It makes you more stealthy.
 S - a +0 hat of magic resistance
Jewellery
 b - a +6 ring of strength
 f - an uncursed ring of ice
 k - an amulet of guardian spirit (around neck)
 E - the ring "Xifaff" (right claw) {rF+ rC+}
   (You found it in a Gauntlet)

   [ring of protection from fire]

   It protects you from fire.
   It protects you from cold.
 I - a cursed -4 ring of evasion {unknown}
 K - an uncursed ring of stealth {unknown}
 L - an uncursed ring of protection from fire
 O - the ring of Axeyz (left claw) {rC++ rCorr Int-3 Dex+4 SInv}
   (You found it in a Gauntlet)

   [ring of resist corrosion]

   It affects your intelligence (-3).
   It affects your dexterity (+4).
   It greatly protects you from cold.
   It lets you see invisible.
   It provides partial protection from all sources of acid and corrosion.
 U - an uncursed ring of poison resistance {unknown}
 Y - an uncursed ring of resist corrosion {unknown}
 Z - an uncursed ring of positive energy {unknown}
Wands
 l - a wand of enslavement (6)
 o - a wand of paralysis (18)
 s - a wand of polymorph (16)
 u - a wand of digging (19)
 v - a wand of flame (33)
 A - a wand of random effects (14)
 H - a wand of disintegration (14)
 N - a wand of acid (6)
Scrolls
 g - a scroll of vulnerability
 h - 15 scrolls of teleportation
 p - 5 scrolls of fear
 w - 8 scrolls of remove curse
 D - a scroll of identify
 F - 3 scrolls of blinking
 M - a scroll of enchant armour
 T - a scroll of fog
 W - 2 scrolls of magic mapping
 X - 4 scrolls of immolation
Potions
 c - 8 potions of curing
 e - 2 potions of magic
 m - 5 potions of flight
 n - a potion of lignification
 q - 3 potions of haste
 r - 2 potions of brilliance
 t - 6 potions of heal wounds
 x - 2 potions of ambrosia
 z - a potion of cancellation
 B - a potion of invisibility
 C - 5 potions of mutation
 G - 2 potions of stabbing
 V - 2 potions of might
Miscellaneous
 a - a box of beasts (3/3)


   Skills:
 + Level 13.6 Fighting
   Level 7.1 Long Blades
 - Level 1.7 Throwing
 + Level 6.7 Armour
 - Level 7.1 Dodging
 + Level 13.5 Unarmed Combat
 + Level 15.5 Invocations


You had 13 spell levels left.
You didn't know any spells.
Your spell library contained the following spells:

 Spells                   Type           Power        Failure   Level
 Beastly Appendage        Tmut           #.....       71%         1
 Foxfire                  Conj/Fire      #...         71%         1
 Freeze                   Ice            #...         71%         1
 Magic Dart               Conj           #...         71%         1
 Sandblast                Erth           #.....       71%         1
 Summon Small Mammal      Summ           #...         71%         1
 Blink                    Tloc           N/A          85%         2
 Call Imp                 Summ           #.......     85%         2
 Passwall                 Tmut/Erth      #.......     85%         2
 Slow                     Hex            #.......     85%         2
 Wereblood                Tmut           #.......     85%         2
 Call Canine Familiar     Summ           #.......     97%         3
 Conjure Flame            Conj/Fire      #.......     97%         3
 Frozen Ramparts          Ice            #.....       97%         3
 Inner Flame              Hex/Fire       #.......     97%         3
 Mephitic Cloud           Conj/Pois/Air  #.......     97%         3
 Ozocubu's Armour         Ice            #.......     97%         3
 Spider Form              Tmut/Pois      #.........   97%         3
 Stone Arrow              Conj/Erth      #.....       97%         3
 Summon Guardian Golem    Hex/Summ       #.......     97%         3
 Hailstorm                Conj/Ice       #.......     100%        4
 Ice Form                 Ice/Tmut       #.......     100%        4
 Leda's Liquefaction      Hex/Erth       #.........   100%        4
 Petrify                  Tmut/Erth      #.......     100%        4
 Sticky Flame             Conj/Fire      #.......     100%        4
 Summon Ice Beast         Ice/Summ       #.......     100%        4
 Summon Lightning Spire   Summ/Air       #.......     100%        4
 Agony                    Necr           #.......     100%        5
 Blade Hands              Tmut           #.........   100%        5
 Bolt of Magma            Conj/Fire/Erth #.........   100%        5
 Fireball                 Conj/Fire      #.........   100%        5
 Lee's Rapid Deconstruct  Erth           #.........   100%        5
 Iron Shot                Conj/Erth      #.........   100%        6
 Simulacrum               Ice/Necr       #.........   100%        6
 Statue Form              Tmut/Erth      #........    100%        6
 Shatter                  Erth           #.........   100%        9


Dungeon Overview and Level Annotations

Branches:
Dungeon (14/15)            Temple (1/1) D:4            Lair (6/6) D:11
 Shoals (0/4) Lair:2        Snake (0/4) Lair:4        Slime (0/5) Lair:6
    Orc (2/2) D:11            Elf (0/3) Orc:2       Gauntlet (visited)
 Vaults: D:13-14

Altars:
Ashenzari
Cheibriados
Dithmenos
Elyvilon
Fedhas
Gozag
Hepliaklqana
Kikubaaqudgha
Makhleb
Nemelex Xobeh
Okawaru
Qazlal
Ru
Sif Muna
Trog
Uskayaw
Vehumet
Wu Jian
Xom
Yredelemnul
Zin
The Shining One
Beogh
Jiyva

Shops:
D:9 [   D:13 *   Orc:2 =(((

Portals:
Trove: D:12 (give 2 scrolls of acquirement)

Annotations:
D:10 1 runed translucent door
Lair:1 1 runed translucent door, polo's ghost, journeyman NaIE


Innate Abilities, Weirdness & Mutations

You have very sharp fingernails.
You are mostly covered in thin metallic scales. (AC +3)
A weak demonic guardian rushes to your aid.
You are powered by pain.


Message History

The phantasmal warrior is heavily damaged.
The phantasmal warrior hits you.
* * * LOW HITPOINT WARNING * * *
Your magical defenses are stripped away!
Unknown command.
Unknown command.
You claw the phantasmal warrior!
The phantasmal warrior is severely damaged.
The phantasmal warrior hits you but does no damage.
Unknown command.
Unknown command.
You mangle the phantasmal warrior!!
You destroy the phantasmal warrior!
Unknown command.
Unknown command.
Unknown command.
The boulder beetle curls into a ball and begins rolling!
The boulder beetle hits you!!!
You die...
Your body glows with a rainbow of weird colours and disappears.

#..........<))...≈≈.#
#.####.##.#))###≈≈≈≈#
#.##......[[..#≈≈≈≈≈≈
#.##.#.##..#..≈≈≈≈≈≈≈
#.##.#.#.....≈≈≈≈≈≈≈≈
#.##.#.....#..≈≈≈≈≈≈≈
#.##.#.#...#..#≈≈≈≈≈
#.##.#...>......≈≈≈≈
#.5.@............≈≈.
####B....#.#.##.###.
#○..#...#.# .#
#B......#.# .#
#W....... #...###.#
#.......≈
######.#.###≈≈
#......#.#


You could see a boulder beetle, a wraith, a worker ant and a friendly quasit
(summoned).

Vanquished Creatures
  Kirke (D:13)
  A ghost moth (Lair:6)
  Nessos (D:13)
  Snorg (D:13)
  Harold (D:7)
  7 hydras
  4 catoblepae
  A two-headed ogre (D:9)
  A death knight (D:14)
  2 centaur warriors
  A tengu warrior (D:14)
  4 death yaks (Lair:6)
  Sonja (D:13)
  A skeletal warrior (D:13)
  3 unseen horrors
  4 orc knights
  2 phantasmal warriors (D:14)
  2 orc sorcerers
  2 oklob plants (Lair:2)
  Pikel (D:7)
  A deep elf mage (D:13)
  3 ugly things
  A cyclops (D:14)
  A manticore (D:14)
  12 elephants
  5 black mambas
  Joseph (D:7)
  2 gargoyles
  4 rime drakes
  13 cane toads
  Maggie (D:7)
  6 komodo dragons
  3 trolls
  A polar bear (Lair:2)
  3 slime creatures (D:12)
  A dream sheep (Lair:5)
  3 blink frogs (Lair:4)
  A vampire (D:13)
  19 flying skulls (D:13)
  24 yaks
  7 wyverns
  A wraith (D:14)
  A tarantella (Orc:2)
  3 basilisks
  3 hogs (D:13)
  4 vampire mosquitoes (D:13)
  2 wargs
  A naga (Orc:2)
  14 water moccasins
  Duvessa (D:6)
  An ice beast (D:6)
  2 phantoms
  3 black bears
  34 orc warriors
  4 sky beasts
  A hornet zombie (D:8)
  2 necrophages
  21 wolves
  6 ogres
  2 lemures (D:7)
  18 centaurs
  3 big kobolds
  16 bullfrogs
  Dowan (D:6)
  2 wyvern skeletons (D:10)
  4 scorpions
  5 killer bees (D:10)
  4 wights (D:13)
  2 electric eels (Lair:1)
  2 centaur zombies
  2 howler monkeys
  5 hounds
  13 orc priests
  A bullfrog skeleton (D:10)
  2 jellies
  18 orc wizards
  5 centaur skeletons
  3 iguanas
  A killer bee zombie (D:6)
  7 worker ants
  A small abomination (Gauntlet)
  A howler monkey zombie (D:6)
  Robin (D:2)
  A hound skeleton (D:10)
  A worker ant zombie (D:7)
  3 gnolls (D:9)
  A howler monkey skeleton (D:4)
  12 adders
  A shadow imp (D:6)
  5 white imps
  2 ufetubi
  3 oozes
  An adder skeleton (D:4)
  6 worms
  2 dart slugs
  5 leopard geckos
  72 orcs
  9 bats
  6 giant cockroaches
  14 goblins
  15 hobgoblins
  4 jackals
  14 kobolds
  2 quokkas
  4 frilled lizards
  A jackal skeleton (D:5)
  A leopard gecko skeleton (D:7)
  5 rats
  A butterfly (Lair:3)
567 creatures vanquished.

Vanquished Creatures (collateral kills)
  Gastronok (D:10)
  A stone giant (Orc:2)
  An entropy weaver (Lair:6)
  A dire elephant (Lair:6)
  Erolcha (D:13)
  A deep troll shaman (Lair:6)
  2 orc knights
  A centaur skeleton (D:14)
  A cane toad (Lair:1)
  2 trolls
  A slime creature (D:12)
  4 yaks
  Sigmund (D:5)
  A hog (D:13)
  A wyvern (Lair:5)
  2 orc warriors (D:11)
  A sky beast (D:11)
  An ogre (D:4)
  3 wolves
  A bullfrog (Lair:2)
  4 orc wizards
  An orc priest (Orc:2)
  A hound (D:4)
  An iguana (D:6)
  A worker ant (D:4)
  An adder (D:4)
  13 orcs
50 creatures vanquished.

Vanquished Creatures (others)
  A human (D:13)
  A lemure (D:7)
  An orc wizard (D:7)
  An orc (D:11)
  21 fungi
  65 plants
  2 withered plants (Lair:1)
92 creatures vanquished.

Grand Total: 709 creatures vanquished

Notes
Turn   | Place    | Note
-------+----------+-------------------------------------------
     0 | D:1      | grandjackal the Demonspawn Gladiator began the quest for
                  | the Orb.
     0 | D:1      | Reached XP level 1. HP: 16/16 MP: 1/1
   220 | D:1      | Gained mutation: A weak demonic guardian rushes to your
                  | aid. [demonic ancestry]
   220 | D:1      | Reached XP level 2. HP: 19/22 MP: 2/2
   932 | D:1      | Reached XP level 3. HP: 24/28 MP: 3/3
  1398 | D:2      | Found a sacrificial altar of Ru.
  1785 | D:2      | Found a bloodstained altar of Trog.
  2282 | D:2      | Found a hide-covered altar of Uskayaw.
  2282 | D:2      | Noticed Robin
  2467 | D:3      | Gained mutation: You sometimes gain a little power by
                  | taking damage. [demonic ancestry]
  2467 | D:3      | Reached XP level 4. HP: 15/34 MP: 4/4
  2779 | D:2      | Killed Robin
  3440 | D:3      | Found a basalt altar of Yredelemnul.
  3785 | D:4      | Found a staircase to the Ecumenical Temple.
  3789 | D:4      | Reached XP level 5. HP: 41/41 MP: 5/5
  4616 | D:4      | Reached XP level 6. HP: 39/48 MP: 4/6
  4854 | D:4      | Noticed an orc warrior
  4922 | D:4      | Killed an orc warrior
  5294 | Temple   | Entered the Ecumenical Temple
  5558 | D:5      | Entered Level 5 of the Dungeon
  5586 | D:5      | Found a stormy altar of Qazlal.
  5870 | D:5      | Reached XP level 7. HP: 28/55 MP: 4/7
  6088 | D:5      | Found a broken altar of Ashenzari.
  6094 | D:5      | Noticed Sigmund
  6105 | D:5      | Killed Sigmund
  6379 | D:5      | Reached skill level 5 in Dodging
  6622 | D:6      | Noticed Duvessa
  6622 | D:6      | Noticed Dowan
  6633 | D:6      | Killed Duvessa
  6633 | D:6      | Reached skill level 5 in Fighting
  6633 | D:6      | Reached skill level 5 in Long Blades
  6641 | D:6      | Killed Dowan
  6918 | D:6      | Found a shadowy altar of Dithmenos.
  6998 | D:6      | Gained mutation: You sometimes gain power by taking damage.
                  | [demonic ancestry]
  6998 | D:6      | Reached XP level 8. HP: 26/63 MP: 4/8
  7360 | D:6      | Found an ornate altar of the Wu Jian Council.
  7488 | D:6      | Found a sparkling altar of Nemelex Xobeh.
  7511 | D:6      | Became a worshipper of Nemelex Xobeh the Trickster
  7764 | D:6      | Reached skill level 1 in Invocations
  8086 | D:7      | Noticed Pikel
  8115 | D:7      | Killed Pikel
  8115 | D:7      | Reached skill level 3 in Invocations
  8633 | D:7      | Found a white marble altar of Elyvilon.
  8633 | D:7      | Noticed Harold
  8634 | D:7      | Noticed Joseph
  8654 | D:7      | Gained mutation: You have sharp fingernails. [demonic
                  | ancestry]
  8654 | D:7      | Reached XP level 9. HP: 45/70 MP: 8/11
  8950 | D:7      | Killed Harold
  8950 | D:7      | Reached skill level 4 in Invocations
  8956 | D:7      | Killed Joseph
  9019 | D:7      | Noticed Maggie
  9030 | D:7      | Killed Maggie
  9030 | D:7      | Reached skill level 5 in Invocations
  9467 | D:8      | Reached skill level 1 in Unarmed Combat
  9783 | D:8      | Found a glowing silver altar of Zin.
 10161 | D:9      | Reached * piety under Nemelex Xobeh
 10252 | D:9      | Reached skill level 6 in Invocations
 10286 | D:9      | Found a stormy altar of Qazlal.
 10286 | D:9      | Noticed a two-headed ogre
 10294 | D:9      | Killed a two-headed ogre
 10294 | D:9      | Gained mutation: You are partially covered in thin metallic
                  | scales. (AC +2) [demonic ancestry]
 10294 | D:9      | Reached XP level 10. HP: 79/79 MP: 14/14
 10425 | D:9      | Received a gift from Nemelex Xobeh
 10443 | D:9      | Found Boelui's Antique Armour Boutique.
 10451 | D:9      | Bought a pair of spiked boots for 199 gold pieces
 10451 | D:9      | Bought a bloodstained cloak for 199 gold pieces
 10456 | D:9      | Identified the +0 pair of boots of Understanding {rF+
                  | Dex+2} (You bought it in a shop on level 9 of the Dungeon)
 10461 | D:9      | Identified the +2 cloak of Soqiac {Rampage *Drain rN+
                  | Stlth+} (You bought it in a shop on level 9 of the Dungeon)
 10548 | D:9      | Found a sparkling altar of Nemelex Xobeh.
 10569 | D:9      | Found an ornate altar of the Wu Jian Council.
 10593 | D:9      | Found a hazy altar of Hepliaklqana.
 11047 | D:10     | Entered Level 10 of the Dungeon
 11082 | D:10     | Reached skill level 7 in Invocations
 11702 | D:10     | Reached skill level 5 in Unarmed Combat
 12447 | D:10     | Reached ** piety under Nemelex Xobeh
 12492 | D:10     | Found a runed translucent door.
 12496 | D:10     | Noticed a sixfirhy
 12546 | D:10     | Noticed Gastronok
 12573 | D:10     | Killed Gastronok
 12573 | D:10     | Reached skill level 8 in Invocations
 12758 | D:10     | Found a shimmering blue altar of Sif Muna.
 13227 | D:11     | Noticed a gargoyle
 13237 | D:11     | Killed a gargoyle
 13321 | D:11     | Reached XP level 11. HP: 79/88 MP: 15/17
 13638 | D:11     | Noticed a purple ugly thing
 13654 | D:11     | Killed a purple ugly thing
 13654 | D:11     | Reached skill level 9 in Invocations
 13803 | D:11     | Found a staircase to the Lair.
 14071 | D:11     | Found a roughly hewn altar of Beogh.
 14071 | D:11     | Noticed an orc knight
 14124 | D:11     | Killed an orc knight
 14420 | D:11     | Found a staircase to the Orcish Mines.
 14826 | D:12     | Found a gate leading to a gauntlet.
 14830 | Gauntlet | Entered a Gauntlet
 14830 | Gauntlet | Found a transporter.
 14838 | Gauntlet | Found a transporter.
 14840 | Gauntlet | Found a transporter.
 14842 | Gauntlet | Found a transporter.
 14865 | Gauntlet | Noticed a soul eater
 14871 | Gauntlet | Found a transporter.
 14873 | Gauntlet | Found a transporter.
 14884 | Gauntlet | Found a transporter.
 14899 | Gauntlet | Found a transporter.
 14903 | Gauntlet | Identified the ring "Vuoz Qush" {+Inv rN+ rCorr Int+6
                  | Dex-3}
 14903 | Gauntlet | Noticed an entropy weaver
 14904 | Gauntlet | Found a transporter.
 14907 | Gauntlet | Noticed a thrashing horror
 14908 | Gauntlet | Reached *** piety under Nemelex Xobeh
 14919 | Gauntlet | Found a transporter.
 14920 | Gauntlet | Noticed a thrashing horror
 14987 | Gauntlet | Got a warped jade ring
 15036 | Gauntlet | Got a transparent golden ring
 15038 | Gauntlet | Found a transporter.
 15043 | Gauntlet | Found a transporter.
 15183 | Gauntlet | Noticed a cacodemon
 15271 | Gauntlet | Identified the ring "Axaene" {Ice rN++ Stlth+}
 15271 | Gauntlet | Noticed a minotaur
 15367 | Gauntlet | Identified the Disquisition on Dark Rituals and Companions
 15387 | D:12     | Received a gift from Nemelex Xobeh
 15673 | D:11     | Identified the ring "Xifaff" {rF+ rC+} (You found it in a
                  | Gauntlet)
 15676 | D:11     | Identified the ring of Axeyz {rC++ rCorr Int-3 Dex+4 SInv}
                  | (You found it in a Gauntlet)
 15680 | D:12     | Noticed an unseen horror
 15691 | D:12     | Killed an unseen horror
 15997 | D:12     | Noticed a green ugly thing
 16007 | D:12     | Killed a green ugly thing
 16131 | D:12     | Found a portal to a secret trove of treasure.
 16228 | D:12     | Reached skill level 10 in Invocations
 16307 | D:12     | Reached skill level 10 in Fighting
 16706 | D:12     | Received a gift from Nemelex Xobeh
 17044 | Orc:1    | Entered Level 1 of the Orcish Mines
 17478 | Orc:1    | Noticed an orc knight
 17826 | Orc:1    | Killed an orc knight
 18228 | Orc:1    | Found a roughly hewn altar of Beogh.
 18319 | Orc:2    | Entered Level 2 of the Orcish Mines
 18760 | Orc:2    | Noticed an orc knight
 18781 | Orc:2    | Killed an orc knight
 18791 | Orc:2    | Gained mutation: You have very sharp fingernails. [demonic
                  | ancestry]
 18791 | Orc:2    | Reached XP level 12. HP: 44/98 MP: 10/20
 18808 | Orc:2    | Reached skill level 11 in Invocations
 19373 | Orc:2    | Noticed a stone giant
 19392 | Orc:2    | Killed a stone giant
 19492 | Orc:2    | Reached **** piety under Nemelex Xobeh
 19493 | Orc:2    | Received a gift from Nemelex Xobeh
 19586 | Orc:2    | Reached skill level 10 in Unarmed Combat
 19592 | Orc:2    | Noticed a centaur warrior
 19951 | Orc:2    | Killed a centaur warrior
 19983 | Orc:2    | Found Gaorret's Antique Weapon Emporium.
 19983 | Orc:2    | Found Guatidar's Antique Weapon Boutique.
 19985 | Orc:2    | Found Yllis's Jewellery Shop.
 19987 | Orc:2    | Found Tumuim's Weapon Shoppe.
 20931 | Orc:2    | Found a staircase to the Elven Halls.
 21235 | Lair:1   | Entered Level 1 of the Lair of Beasts
 21240 | Lair:1   | Received a gift from Nemelex Xobeh
 21470 | Lair:1   | Found a runed translucent door.
 21471 | Lair:1   | Noticed polo's ghost (journeyman NaIE)
 21507 | Lair:1   | Noticed a five-headed hydra
 21516 | Lair:1   | Killed a five-headed hydra
 21525 | Lair:1   | Reached skill level 12 in Invocations
 21916 | Lair:1   | Noticed a five-headed hydra
 21930 | Lair:1   | Killed a five-headed hydra
 22239 | Lair:1   | Received a gift from Nemelex Xobeh
 22684 | Lair:2   | Found a staircase to the Shoals.
 22853 | Lair:2   | Noticed a six-headed hydra
 22860 | Lair:2   | Killed a six-headed hydra
 23333 | Lair:2   | Gained mutation: You are mostly covered in thin metallic
                  | scales. (AC +3) [demonic ancestry]
 23333 | Lair:2   | Reached XP level 13. HP: 106/106 MP: 22/22
 23370 | Lair:2   | Reached ***** piety under Nemelex Xobeh
 23453 | Lair:2   | Received a gift from Nemelex Xobeh
 24626 | Lair:3   | Received a gift from Nemelex Xobeh
 24899 | Lair:3   | Received a gift from Nemelex Xobeh
 24912 | Lair:3   | Reached skill level 13 in Invocations
 25588 | Lair:4   | Reached skill level 1 in Armour
 25856 | Lair:4   | Found a staircase to the Snake Pit.
 25898 | Lair:4   | Received a gift from Nemelex Xobeh
 27022 | Lair:4   | Received a gift from Nemelex Xobeh
 27845 | Lair:5   | Received a gift from Nemelex Xobeh
 28339 | Lair:5   | Reached ****** piety under Nemelex Xobeh
 28973 | Lair:5   | Reached skill level 14 in Invocations
 29129 | Lair:6   | Entered Level 6 of the Lair of Beasts
 29129 | Lair:6   | Found a staircase to the Slime Pits.
 29129 | Lair:6   | Found a viscous altar of Jiyva.
 29488 | Lair:6   | Received a gift from Nemelex Xobeh
 29531 | Lair:6   | Gained mutation: You are powered by pain. [demonic
                  | ancestry]
 29531 | Lair:6   | Reached XP level 14. HP: 73/116 MP: 13/24
 29775 | Lair:6   | Noticed an entropy weaver
 29775 | Lair:6   | a death yak changed into an entropy weaver
 29775 | Lair:6   | Noticed a ghost moth
 29775 | Lair:6   | a death yak changed into a ghost moth
 29778 | Lair:6   | Killed an entropy weaver
 29782 | Lair:6   | Killed a ghost moth
 29901 | Lair:6   | Received a gift from Nemelex Xobeh
 30013 | Lair:6   | Reached skill level 5 in Armour
 30976 | D:13     | Noticed Kirke
 30983 | D:13     | Noticed a sphinx
 30989 | D:13     | Noticed a sphinx
 30999 | D:13     | Paralysed by a sphinx for 4 turns
 31008 | D:13     | Killed Kirke
 31012 | D:13     | Found Waesumei's General Store.
 31431 | D:13     | Noticed Nessos
 31455 | D:13     | Killed Nessos
 31753 | D:13     | Noticed Snorg
 31755 | D:13     | Noticed Sonja
 31777 | D:13     | Killed Snorg
 31784 | D:13     | Killed Sonja
 32037 | D:13     | Bought a scroll of immolation for 49 gold pieces
 32037 | D:13     | Bought a scroll of immolation for 49 gold pieces
 32037 | D:13     | Bought a scroll of teleportation for 42 gold pieces
 32109 | D:13     | Noticed Erolcha
 32114 | D:13     | Killed Erolcha
 32114 | D:13     | Reached skill level 15 in Invocations
 32204 | D:13     | Found the +3 giant club "Skullcrusher" {speed, Str+7}
 32377 | D:13     | Received a gift from Nemelex Xobeh
 33574 | D:14     | Annihilated by a boulder beetle

Illustrated notes

Levels and vault maps discovered:
D:1:      erik_arrival_orb_chamber, layout_loops_corners
D:2:      layout_loops_ring, nicolae_overflow_hidden_temple,
          overflow_temple_1_default, lemuel_doored_altar, serial_rivers,
          chequers_serial_rivers_micro_b, chequers_serial_rivers_micro_c,
          chequers_serial_rivers_small_b, chequers_serial_rivers_large_b,
          chequers_serial_rivers_micro_c, chequers_serial_rivers_room_b,
          minmay_misc_feat_enclosed, uniq_robin
D:3:      layout_loops_ring, lemuel_round_altar
D:4:      layout_cave_pools, minmay_temple_entry_tees,
          kennysheep_opposing_triangles
D:5:      layout_loops_ring, lemuel_crystal_altar, lemuel_crystal_altar,
          kennysheep_generic_room_3, uniq_sigmund
D:6:      layout_basic, nicolae_overflow_crystal_walls,
          hangedman_feature_mirror, uniq_duvessa
D:7:      layout_rooms, elyvilon_altar_3, uniq_maggie, uniq_joseph, uniq_harold,
          uniq_pikel
D:8:      layout_gridville, kennysheep_little_box
D:9:      layout_rooms, minitemple, serial_shops, shop, basic_altar,
          nemelex_spade_bored_becter
D:10:     cheibrodos_shockbox, layout_loops_corners, lemuel_blue_sif_altar,
          uniq_gastronok
D:11:     layout_loops_corners, david_lair_generic, david_orc_5
D:12:     layout_loops_ring, gauntlet_entry_generic, trove_entry_hex_spiral,
          portal_ice_cave_rime
D:13:     layout_loops_ring, serial_shops, kennysheep_mini_moat,
          minmay_guarded_unrand_skullcrusher, uniq_sonja, uniq_nessos,
          uniq_erolcha, uniq_kirke, uniq_snorg
D:14:     layout_basic, grunt_vaults_entry_tiered, minmay_misc_feat_tiny
Temple:   minmay_temple_curvy_loop
Lair:1:   layout_gridlike, gammafunk_ghost_grave, serial_bayou_lagoon_a,
          grunt_megastairs_4, infiniplex_staircase_pool
Lair:2:   layout_chaotic_city, minmay_shoals_entry_centaurs,
          beast_lair_carwin_8, lemuel_fruit_fields, minmay_lair_oklob_chamber
Lair:3:   layout_chaotic_city, lemuel_fruit_fields
Lair:4:   layout_regular_city, minmay_snake_entry_six_corridors,
          serial_bayou_shore_b, grunt_megastairs_2
Lair:5:   layout_cave_pods, minivault_23, beast_lair_carwin_6
Lair:6:   grunt_lair_end_beastmaster, layout_long_grid, slime_altar_1
Orc:1:    layout_diamond_mine, minmay_orc_temple_a
Orc:2:    st_orc_rangers, layout_caves

Skill      XL: |  1  2  3  4  5  6  7  8  9 10 11 12 13 14 |
---------------+-------------------------------------------+-----
Dodging        | 3 4 5 6 7 |  7.1
Long Blades    | 3 4 5 6 7 |  7.1
Fighting       | 3 4 5 6 8 9 10 11 12 13 | 13.6
Invocations    | 3 6 8 10 12 14 15 | 15.5
Unarmed Combat | 3 6 9 11 12 13 | 13.5
Armour         | 4 6 |  6.7
Throwing       | |  1.7

Action                   |  1- 3 |  4- 6 |  7- 9 | 10-12 | 13-15 || total
-------------------------+-------+-------+-------+-------+-------++-------
Melee: Long sword        |   147 |   164 |   317 |   323 |       ||   951
       Dagger            |       |       |    28 |    38 |       ||    66
       Punch             |       |       |     3 |    67 |    84 ||   154
       Unarmed           |       |       |       |   577 |   869 ||  1446
Throw: Throwing net      |       |     2 |     1 |     5 |     2 ||    10
Invok: Draw Destruction  |       |       |       |    11 |     6 ||    17
       Draw Summoning    |       |       |       |     2 |     2 ||     4
Evoke: Wand              |       |     2 |     7 |    29 |     8 ||    46
  Use: Potion            |       |     1 |     1 |     1 |     2 ||     5
       Scroll            |       |    11 |     3 |    12 |     5 ||    31
 Stab: Sleeping          |     2 |     1 |       |    13 |    12 ||    28
       Held in net/web   |       |     3 |       |     5 |       ||     8
       Distracted        |       |     2 |     2 |    10 |     3 ||    17
       Paralysed         |       |       |     4 |       |       ||     4
       Betrayed ally     |       |       |     1 |       |       ||     1
Armor: Leather armour    |    31 |    20 |    81 |   229 |   192 ||   553
       Scale mail        |       |       |       |       |   145 ||   145
       Skin              |       |       |       |       |    37 ||    37
Dodge: Dodged            |   113 |   135 |   272 |   746 |   761 ||  2027
       Rpst.: Long sword |    34 |    42 |    76 |    83 |       ||   235

Table legend: (Time is in decaauts)
 A = Elapsed time spent in this place.
 B = Non-inter-level travel time spent in this place.
 C = Inter-level travel time spent in this place.
 D = Time resting spent in this place.
 E = Time spent auto-exploring this place.
 F = Levels seen in this place.
 G = Mean time per level.
                   A        B        C        D        E       F      G
               +--------+--------+--------+--------+--------+-----+--------+
         Total |  33503 |  32470 |   1033 |  12173 |  15082 |  24 | 1396.0 |
       Dungeon |  19331 |  18730 |    601 |   7168 |   8492 |  14 | 1380.8 |
        Temple |    239 |    199 |     40 |      0 |    125 |   1 |  239.0 |
          Lair |   9521 |   9247 |    274 |   2927 |   5292 |   6 | 1586.8 |
  Orcish Mines |   3864 |   3748 |    116 |   1834 |   1173 |   2 | 1932.0 |
      Gauntlet |    546 |    546 |      0 |    243 |      0 |   1 |  546.0 |
               +--------+--------+--------+--------+--------+-----+--------+

Top non-repeatable levels by time:
  Lair:4: 2373 daAuts
    D:11: 2281 daAuts
    D:10: 2153 daAuts
   Orc:2: 1964 daAuts
     D:6: 1923 daAuts
    D:12: 1913 daAuts
   Orc:1: 1899 daAuts
  Lair:2: 1827 daAuts
    D:13: 1809 daAuts
     D:3: 1769 daAuts
  Lair:6: 1675 daAuts
     D:4: 1357 daAuts
  Lair:1: 1355 daAuts
  Lair:5: 1319 daAuts
     D:1: 1263 daAuts
